 Dungeon Crawl Stone Soup version 0.29.1-14-g9c671dbff4 (webtiles) character file.

Game seed: 12241632176693887358

2927 croobank the Covert (level 9, -6/141 HPs)
             Began as an Octopode Delver on Feb 15, 2023.
             Was an Initiate of Gozag.
             Mangled by an orc warrior
             ... wielding a +0 war axe
              (12 damage)
             ... in a bailey.
             The game lasted 00:18:26 (6304 turns).

croobank the Covert (Octopode Delver)               Turns: 6304, Time: 00:18:27

Health: -6/141     AC: 24    Str: 18    XL:     9   Next: 79%
Magic:  17/23      EV:  2    Int: 20    God:    Gozag
Gold:   422        SH:  0    Dex: 13    Spells: 12/15 levels left

rFire   . . .      SeeInvis .   h - +10 halberd "Pasask" {venom, Fragile Str+4 Int+6}
rCold   + . .      Faith    .   (shield currently unavailable)
rNeg    . . .      Spirit   .   (helmet currently unavailable)
rPois   +          Reflect  .   (no amulet)
rElec   .          Harm     .   n - ring of magical power
rCorr   .          Rampage  .   q - ring of poison resistance
Will    +....      NoTele   +   y - ring of willpower
Stlth   ..........              d - ring of protection from cold
HPRegen 0.33/turn               (no ring)
MPRegen 0.18/turn               (no ring)
                                (no ring)
                                (no ring)

@: mighty, berserking, tree-form, very quick
A: stationary, stasis, torment immunity, boosted hp, almost no armour,
(amphibious), 8 rings, (camouflage 1), (gelatinous body 1), (nimble swimmer 1),
(tentacles)
a: Renounce Religion, Potion Petition, Call Merchant, Bribe Branch


You were in a bailey.
You worshipped Gozag.
Gozag was aware of your devotion.
You were a tree.
You visited 2 branches of the dungeon, and saw 8 of its levels.
You also visited: Bailey.

You collected 525 gold pieces.
You paid 103 gold pieces to Gozag.

Inventory:

Hand Weapons
 a - a +0 hand axe
 h - the +10 halberd "Pasask" (weapon) {venom, Fragile Str+4 Int+6}
   (You found it on level 5 of the Dungeon)

   It poisons the flesh of those it strikes.
   Str:       It affects your strength (+4).
   Int:       It affects your intelligence (+6).
   Fragile:   It will be destroyed if unequipped.
 p - a +1 dagger of venom
 x - a +2 short sword of venom
 C - a +1 trident
 E - a +0 long sword
Missiles
 r - 5 javelins (quivered)
 v - 8 poisoned darts
 I - 13 boomerangs
Armour
 z - a +1 hat (melded)
Jewellery
 d - a ring of protection from cold (on tentacle)
 n - a ring of magical power (left branch)
 q - a ring of poison resistance (right branch)
 y - a ring of willpower (on tentacle)
Wands
 f - a wand of digging (3)
 t - a wand of paralysis (10)
 A - a wand of roots (9)
 B - a wand of flame (27)
Scrolls
 b - a scroll of fog
 c - 2 scrolls of magic mapping
 g - 4 scrolls of noise
 u - 3 scrolls of vulnerability
 w - a scroll of enchant weapon
 F - a scroll of identify
 G - a scroll of amnesia
Potions
 e - a potion of haste
 i - 4 potions of ambrosia
 j - a potion of brilliance
 k - 3 potions of magic
 l - 4 potions of curing
 m - a potion of attraction
 o - a potion of degeneration
 s - 2 potions of lignification
 H - a potion of berserk rage


   Skills:
 + Level 6.3 Fighting
 - Level 2.0(5.0) Axes
 * Level 7.3(7.4) Polearms
 + Level 5.8 Dodging
 + Level 10.3 Stealth
 + Level 3.6 Spellcasting
 + Level 2.6 Hexes


You had 12 spell levels left.
You knew the following spells:

 Your Spells              Type           Power      Damage    Failure   Level
a - Confusing Touch       Hex            14%        N/A       14%         3

Your spell library contained the following spells:

 Spells                   Type           Power      Damage    Failure   Level
 Ignite Poison            Fire/Tmut/Pois 3%         N/A       38%         3
 Leda's Liquefaction      Hex/Erth       4%         N/A       61%         4
 Olgreb's Toxic Radiance  Pois           3%         N/A       80%         4
 Yara's Violent Unravell  Hex/Tmut       4%         3d4       91%         5
 Alistair's Intoxication  Tmut/Pois      2%         N/A       98%         5
 Lee's Rapid Deconstruct  Erth           1%         3d5*      98%         5
 Statue Form              Tmut/Erth      2%         N/A       100%        6
 Enfeeble                 Hex            7%         N/A       100%        7


Dungeon Overview and Level Annotations

Branches:
Dungeon (7/15)             Temple (1/1) D:6          Bailey (1/1)

Altars:
Ashenzari
Cheibriados
Dithmenos
Elyvilon
Fedhas
Gozag
Hepliaklqana
Nemelex Xobeh
Okawaru
Qazlal
Ru
Sif Muna
Trog
Vehumet
Wu Jian
Xom
Yredelemnul
Zin
The Shining One

Shops:
D:4 (


Innate Abilities, Weirdness & Mutations

You are a tree.
Your roots penetrate the ground, keeping you stationary.
You cannot be teleported.
You are immune to unholy pain and torment.
Your maximum health is greatly increased.
You cannot wear most types of armour.
((You are amphibious.))
You can wear up to eight rings at the same time.
((Your skin changes colour to match your surroundings (Stealth+).))
((Your rubbery body absorbs attacks. (AC +1, EV +1)))
((You are camouflaged when in or above water. (Stealth+)))
((You have tentacles for arms and can constrict up to eight enemies at once.))


Message History

You hit the orc warrior but do no damage.
You grab the orc warrior.
You constrict the orc warrior, but do no damage. x2
The orc warrior hits you with a +0 war axe!
* * * LOW HITPOINT WARNING * * *
The orc warrior barely misses you.
You release your grip on the orc warrior. x2
Things that are here:
a +0 hand axe; a +0 leather armour You closely miss the orc warrior.
You grab the orc warrior.
The orc warrior is lightly wounded.
You constrict the orc warrior. The orc warrior barely misses you.
It was a potion of lignification.
You turn into a tree.
Your +1 hat melds into your body.
Your roots penetrate the ground.
You lose your grip on the orc warrior.
The orc warrior hits you but does no damage.
It was a potion of might.
You feel very mighty all of a sudden. The orc warrior barely misses you.
The orc warrior hits you but does no damage.
You closely miss the orc warrior.
The orc warrior hits you but does no damage.
The orc warrior hits you with a +0 war axe.
* * * LOW HITPOINT WARNING * * *
You hit the orc warrior but do no damage.
The orc warrior hits you with a +0 war axe.
* * * LOW HITPOINT WARNING * * *
The orc warrior hits you but does no damage.
It was a potion of berserk rage.
A red film seems to cover your vision as you go berserk!
You feel yourself moving faster!
You feel mighty!
The orc warrior hits you but does no damage. x2
Your magical contamination has completely faded away.
You hit the orc warrior but do no damage.
Your branches stop glowing.
The orc warrior hits you with a +0 war axe!
* * * LOW HITPOINT WARNING * * *
The orc warrior hits you with a +0 war axe!
You die...
Your body crumbles into a pile of gold.

.#############
.............####
#.$oo.......## ##
##'#♣........# #.
#.K#....⌠..... #. ...
#..###.......# +.
##'####..+$#)....### #.
... ....###......## .#.
####'####..#.....≈≈≈≈≈
≈####.....og####).≈~≈≈≈≈≈≈
≈≈≈∩#...K...#∩≈≈≈≈≈≈~....#
≈≈≈≈#########≈≈≈≈≈......##


You could see 2 orc warriors.

Vanquished Creatures
  Pikel (D:6)
  Menkaure (D:5)
  2 water moccasins
  2 ice beasts (D:6)
  3 orc warriors
  2 black bears
  2 ogres (D:5)
  Blork the orc (D:4)
  4 bullfrogs
  2 necrophages (D:5)
  3 scorpions
  2 jellies
  4 hounds
  An orc priest (D:5)
  Natasha (thrice) (D:3)
  6 orc wizards
  5 gnolls
  8 adders
  A white imp (D:6)
  An ufetubus (D:6)
  3 worms (D:2)
  3 dart slugs
  21 orcs
  6 bats
  8 endoplasms
  7 giant cockroaches
  6 goblins
  10 hobgoblins
  5 jackals
  19 kobolds
  3 quokkas
  8 ball pythons
  5 frilled lizards
  3 rats
161 creatures vanquished.

Notes
Turn   | Place    | Note
-------+----------+-------------------------------------------
     0 | D:5      | croobank the Octopode Delver began the quest for the Orb.
     0 | D:5      | Reached XP level 1. HP: 16/16 MP: 1/1
     6 | D:5      | Identified the +10 halberd "Pasask" {venom, Fragile Str+4
                  | Int+6}
   153 | D:6      | Noticed a bullfrog
   157 | D:6      | Killed a bullfrog
   158 | D:6      | Reached skill level 1 in Polearms
   158 | D:6      | Reached skill level 7 in Stealth
   158 | D:6      | Reached XP level 2. HP: 21/21 MP: 2/2
   158 | D:6      | Reached XP level 3. HP: 26/26 MP: 3/3
   158 | D:6      | Reached XP level 4. HP: 31/31 MP: 4/4
   160 | D:6      | Noticed an ice beast
   239 | D:5      | Noticed a bullfrog
   246 | D:5      | Killed a bullfrog
   247 | D:5      | Reached XP level 5. HP: 37/37 MP: 5/5
   271 | D:3      | Noticed Natasha
   277 | D:3      | Killed Natasha
  1342 | D:1      | Reached XP level 6. HP: 43/43 MP: 6/6
  2116 | D:2      | Found a basalt altar of Yredelemnul.
  2299 | D:2      | Reached skill level 8 in Stealth
  2525 | D:3      | Noticed Natasha
  2528 | D:3      | Killed Natasha
  2800 | D:3      | Noticed a black bear
  2811 | D:3      | Killed a black bear
  2851 | D:3      | Reached XP level 7. HP: 49/49 MP: 7/7
  2923 | D:3      | Noticed Natasha
  2930 | D:3      | Killed Natasha
  3171 | D:4      | Noticed Blork the orc
  3178 | D:4      | Killed Blork the orc
  3228 | D:4      | Found Utwace's Weapon Emporium.
  3870 | D:5      | Reached skill level 1 in Spellcasting
  4218 | D:5      | Reached XP level 8. HP: 48/54 MP: 9/9
  4223 | D:5      | Reached skill level 5 in Fighting
  4350 | D:5      | Reached skill level 5 in Polearms
  4372 | D:5      | Found a shimmering blue altar of Sif Muna.
  4372 | D:5      | Found a glowing silver altar of Zin.
  4404 | D:5      | Reached skill level 9 in Stealth
  4505 | D:5      | Noticed Menkaure
  4513 | D:5      | Killed Menkaure
  4788 | D:5      | Reached skill level 5 in Dodging
  4895 | D:5      | Learned a level 3 spell: Confusing Touch
  4990 | D:6      | Found a sacrificial altar of Ru.
  4990 | D:6      | Identified the +0 pair of gloves of Immorality {rC+ Regen+
                  | Str+3}
  4992 | D:6      | Found a shimmering altar of Xom.
  4998 | D:6      | Found a glowing golden altar of the Shining One.
  4998 | D:6      | Found a shadowy altar of Dithmenos.
  4999 | D:6      | Got the Tome of Objectivity
  5000 | D:6      | Found an ornate altar of the Wu Jian Council.
  5052 | D:6      | Found a staircase to the Ecumenical Temple.
  5056 | D:6      | Reached skill level 1 in Hexes
  5056 | D:6      | Reached XP level 9. HP: 62/62 MP: 13/13
  5211 | Temple   | Entered the Ecumenical Temple
  5299 | Temple   | Became a worshipper of Gozag Ym Sagoz the Greedy
  5402 | D:6      | Noticed Pikel
  5408 | D:6      | HP: 3/62 [Pikel/+2 whip of freezing (5)]
  5409 | D:6      | Killed Pikel
  5410 | D:6      | Reached skill level 10 in Stealth
  6108 | D:7      | Found a flagged portal.
  6147 | Bailey   | Entered a bailey
  6153 | Bailey   | Noticed an orc knight
  6304 | Bailey   | HP: 6/141 [orc warrior/+0 war axe (11)]
  6304 | Bailey   | Mangled by an orc warrior

Illustrated notes

Levels and vault maps discovered:
D:1:      roderic_octagonal_star, layout_loops_ring, minmay_octomino_c4
D:2:      wad_crossroads, layout_basic, basic_altar
D:3:      layout_basic, minmay_joined_circles, uniq_natasha
D:4:      nicolae_cairo_tiling_large, layout_cave_pools, serial_shops,
          nicolae_square_shop, minmay_misc_feat_more_columns, uniq_blork_the_orc
D:5:      layout_loops_corners, gammafunk_temple_overflow_elements,
          nicolae_overflow_hidden_temple, uniq_menkaure
D:6:      layout_cave_pools, grunt_temple_overflow_open,
          minmay_temple_entry_mini_moons, gup_sewer_entry_glass, uniq_pikel
D:7:      layout_basic, nicolae_uskayaw_dance_studio,
          mainiacjoe_overflow_chevrons, enter_bailey_2, moated_statue,
          david_defended_altar_orc
Temple:   hellmonk_temple_forest_ring
Bailey:   bailey_axe_4, bailey

Skill      XL: |  1  2  3  4  5  6  7  8  9 |
---------------+----------------------------+-----
Polearms       | 1 2 3 4 6 7 |  7.3
Stealth        | 7 8 9 10 | 10.3
Dodging        | 3 4 5 |  5.8
Fighting       | 4 5 6 |  6.3
Spellcasting   | 1 2 3 |  3.6
Hexes          | 1 2 |  2.6
Axes           | |  2.0

Action                   |  1- 3 |  4- 6 |  7- 9 || total
-------------------------+-------+-------+-------++-------
Melee: Halberd           |     2 |    93 |   151 ||   246
       Constrict         |       |    12 |    20 ||    32
       Tentacles         |       |     6 |    13 ||    19
       Punch             |       |     1 |       ||     1
 Cast: Confusing Touch   |       |       |     3 ||     3
Evoke: Wand              |       |       |     1 ||     1
  Use: Scroll            |       |       |    14 ||    14
       Potion            |       |       |     4 ||     4
 Stab: Sleeping          |       |    29 |    25 ||    54
       Distracted        |       |       |     2 ||     2
Armor: Skin              |       |     3 |    18 ||    21
Dodge: Dodged            |     1 |    44 |    74 ||   119
